 Dungeon Crawl Stone Soup version 0.31.0-11-ge490571c62 (webtiles) character file.

Game seed: 7744744310545903937

3805 Couri the Fighter (level 10, -4/115 HPs)
             Began as an Oni Warper on Feb 7, 2024.
             Was an Initiate of the Shining One.
             Slain by a red ugly thing (19 damage)
             ... on level 7 of the Dungeon on Feb 8, 2024.
             The game lasted 00:29:43 (8442 turns).

Couri the Fighter (Oni Warper)                      Turns: 8442, Time: 00:29:45

Health: -4/115     AC:  6    Str: 19 (21) XL:     10   Next: 17%
Magic:  14/14      EV:  9    Int: 14      God:    the Shining One [......]
Gold:   931        SH:  5    Dex:  7 (8)  Spells: 14/14 levels left

rFire   . . .        B - +2 giant spiked club (spect)
rCold   . . .        (shield currently unavailable)
rNeg    . . .        H - +0 steam dragon scales
rPois   .            (helmet restricted)
rElec   .            (no cloak)
rCorr   .            (gloves unavailable)
SInv    +            (boots unavailable)
Will    ++...        y - amulet of reflection
Stlth   +            A - ring of willpower
HPRegen 0.39/turn    l - ring of see invisible
MPRegen 0.14/turn

%: reflection
@: glowing
A: large, unfitting armour, horns 1, tough skin 1, double potion healing,
drunken brawling
a: Renounce Religion


You were on level 7 of the Dungeon.
You worshipped the Shining One.
The Shining One was noncommittal.
You visited 2 branches of the dungeon, and saw 8 of its levels.

You collected 931 gold pieces.

Inventory:

Hand Weapons
 b - a +5 falchion
 s - a +2 glaive of protection
 B - a +2 spectral giant spiked club (weapon)
 D - a +2 scythe of venom
 F - a +1 whip of flaming
 G - a +3 mace
Missiles
 d - 5 darts of dispersal (quivered)
 g - 30 poisoned darts
 o - 5 large rocks
Armour
 H - +0 steam dragon scales (worn)
Jewellery
 j - an amulet of magic regeneration
 l - a ring of see invisible (right hand)
 y - an amulet of reflection (around neck)
 A - a ring of willpower (left hand)
Wands
 E - a wand of polymorph (8)
Scrolls
 c - 2 scrolls of blinking
 e - 2 scrolls of teleportation
 f - 4 scrolls of vulnerability
 i - 2 scrolls of enchant weapon
 m - a scroll of revelation
 p - a scroll of amnesia
 r - a scroll of fear
 v - a scroll of fog
 w - a scroll of noise {unknown}
Potions
 h - a potion of enlightenment {unknown}
 k - a potion of haste {unknown}
 n - a potion of degeneration
 q - 2 potions of might
 u - a potion of brilliance {unknown}
 x - 2 potions of lignification
 C - a potion of berserk rage


   Skills:
 * Level 11.9 Fighting
 * Level 9.3 Maces & Flails
 - Level 5.1 Throwing
 + Level 3.0 Armour
 - Level 2.3 Dodging
 - Level 2.6 Spellcasting
 - Level 2.8 Translocations


You had 14 spell levels left.
You didn't know any spells.
Your spell library contained the following spells:

 Spells                   Type           Power      Damage    Failure   Level
 Blink                    Tloc           18%        N/A       11%         2
 Lesser Beckoning         Tloc           18%        N/A       11%         2
 Teleport Other           Tloc           9%         N/A       21%         3
 Sting                    Conj/Alch      4%         1d3       22%         1
 Mercury Vapours          Alch/Air       2%         N/A       32%         2
 Manifold Assault         Tloc           9%         N/A       56%         4
 Vhi's Electric Charge    Tloc/Air       10%        N/A       77%         4
 Olgreb's Toxic Radiance  Alch           1%         N/A       91%         4


Dungeon Overview and Level Annotations

Branches:
Dungeon (7/15)             Temple (1/1) D:7

Altars:
Ashenzari
Cheibriados
Elyvilon
Fedhas
Gozag
Hepliaklqana
Kikubaaqudgha
Makhleb
Okawaru
Qazlal
Sif Muna
Trog
Uskayaw
Vehumet
Wu Jian
Xom
Yredelemnul
Zin
The Shining One

Shops:
D:3 [(

Annotations:
D:7 2 transporters, nitefall's ghost, novice MiBe


Innate Abilities, Weirdness & Mutations

You are too large for most types of armour.
You have a pair of small horns on your head.
You have tough skin. (AC +1)
You gain doubled healing and magic from potions.
Whenever you drink a healing potion, you attack all around you.


Message History

You hit the orc wizard.
You headbutt the orc wizard, but do no damage.
The orc wizard is lightly wounded.
Your +2 spectral giant spiked club closely misses the orc wizard.
The orc wizard closely misses you.
You impale the orc wizard!!
You kill the orc wizard!
Your +2 spectral giant spiked club disappears.
o - 5 large rocks
Things that are here:
a +2 glaive of protection; a +0 robe
s - a +2 glaive of protection A red ugly thing comes into view.
The red ugly thing gurgles horribly!
You closely miss the red ugly thing. The red ugly thing claws you.
You are engulfed in flames!!
You block the red ugly thing's attack.
You bludgeon the red ugly thing!! You headbutt the red ugly thing!
The red ugly thing is heavily wounded.
The red ugly thing completely misses you.
You hit the red ugly thing but do no damage.
You headbutt the red ugly thing.
The red ugly thing is heavily wounded.
The red ugly thing claws you!
You are engulfed in flames!!
You barely miss the red ugly thing.
Your headbutt misses the red ugly thing.
The red ugly thing is heavily wounded.
The red ugly thing claws you!
You are engulfed in flames!!
* * * LOW HITPOINT WARNING * * *
The red ugly thing claws you!
* * * LOW HITPOINT WARNING * * *
You are engulfed in flames!
* * * LOW HITPOINT WARNING * * *
You take a swig of the potion and twirl your +2 spectral giant spiked club.
You impale the red ugly thing!!
Your headbutt misses the red ugly thing.
The red ugly thing is severely wounded.
You savour every drop.
You feel better. The red ugly thing claws you!
* * * LOW HITPOINT WARNING * * *
You are engulfed in flames!!
You die...

#.. .. #.# #.. #..#.##
###########.. ..#..#
##............ ....#
##..##########. #..# #..## ##..
#..## #<## ##..# ##...####†##
###..## ##....u@.[..######...##
##..#######......##.### ##
#.....#####.####....# #.#
###...#.......######..#
#.#.†##.#C#.#######...####..###
#..)o)†.......## #.#...#.....#
#.#.##$.#.......###.###.#.###.#
# #.#.#........##.# #...###.##
#.###...........# ###>.##..#


You could see a red ugly thing.

Vanquished Creatures
  Pikel (D:6)
  A cyclops (D:7)
  Maggie (D:6)
  An unseen horror (D:7)
  Sigmund (D:6)
  A water moccasin (D:7)
  2 ice beasts
  2 black bears (D:6)
  2 sky beasts
  An ogre (D:4)
  2 phantoms
  A lemure (D:6)
  A kobold brigand (D:6)
  2 gnoll sergeants
  3 scorpions
  9 wights
  5 hounds
  2 bombardier beetles (D:5)
  A gnoll bouda (D:7)
  4 orc priests
  A jelly (D:5)
  4 iguanas
  2 orc wizards
  3 gnolls (D:6)
  3 adders
  A white imp (D:6)
  2 dart slugs
  15 orcs
  2 endoplasms
  4 giant cockroaches
  11 goblins
  6 hobgoblins
  6 jackals (D:1)
  17 kobolds
  A quokka (D:1)
  9 ball pythons
  4 bats
  9 frilled lizards
  6 rats
149 creatures vanquished.

Notes
Turn   | Place    | Note
-------+----------+-------------------------------------------
     0 | D:1      | Couri the Oni Warper began the quest for the Orb.
     0 | D:1      | Reached XP level 1. HP: 22/22 MP: 3/3
    83 | D:1      | Reached XP level 2. HP: 8/29 MP: 5/5
   445 | D:1      | Reached skill level 3 in Fighting
   538 | D:1      | Reached XP level 3. HP: 34/37 MP: 7/7
   683 | D:1      | Found a faded altar of an unknown god.
  1543 | D:2      | Reached XP level 4. HP: 48/48 MP: 8/8
  2098 | D:3      | Reached skill level 4 in Fighting
  2169 | D:3      | Found Mumigh's Armour Boutique.
  2410 | D:3      | Found Quoplej's Antique Weapon Boutique.
  3389 | D:4      | Noticed a scorpion
  3405 | D:4      | Killed a scorpion
  3406 | D:4      | Reached XP level 5. HP: 36/55 MP: 9/9
  3493 | D:4      | Noticed an ogre
  3506 | D:4      | Killed an ogre
  3507 | D:4      | Reached skill level 5 in Fighting
  3507 | D:4      | Reached XP level 6. HP: 29/66 MP: 10/10
  3703 | D:4      | Identified a scroll of acquirement
  3703 | D:4      | Acquired 645 gold pieces
  4012 | D:5      | Entered Level 5 of the Dungeon
  4666 | D:5      | Reached skill level 6 in Fighting
  4849 | D:5      | Reached XP level 7. HP: 64/75 MP: 11/11
  5357 | D:6      | Reached skill level 5 in Maces & Flails
  5521 | D:6      | Reached skill level 7 in Fighting
  5672 | D:5      | Reached XP level 8. HP: 50/87 MP: 12/12
  5852 | D:6      | Noticed Sigmund
  5886 | D:5      | Acquired a +2 spectral giant spiked club
  5943 | D:6      | Reached skill level 8 in Fighting
  5995 | D:6      | Killed Sigmund
  6102 | D:6      | Noticed Pikel
  6110 | D:6      | Killed Pikel
  6111 | D:6      | Reached skill level 9 in Fighting
  6111 | D:6      | Reached XP level 9. HP: 93/100 MP: 13/13
  6136 | D:6      | Noticed Maggie
  6159 | D:6      | Killed Maggie
  6160 | D:6      | Reached skill level 10 in Fighting
  6160 | D:6      | Reached skill level 5 in Throwing
  6545 | D:6      | Reached skill level 1 in Armour
  7432 | D:7      | Reached skill level 11 in Fighting
  7491 | D:7      | Noticed a two-headed ogre
  7624 | D:7      | Noticed nitefall's ghost (novice MiBe)
  7627 | D:7      | Noticed a moth of wrath
  7634 | D:7      | Found a transporter.
  7637 | D:7      | Found a bloodstained altar of Trog.
  7648 | D:7      | Found a transporter.
  7648 | D:7      | Found a staircase to the Ecumenical Temple.
  7889 | Temple   | Entered the Ecumenical Temple
  7931 | Temple   | Became a worshipper of the Shining One
  8194 | D:7      | Reached XP level 10. HP: 75/114 MP: 14/14
  8196 | D:7      | Noticed a cyclops
  8213 | D:7      | Noticed an unseen horror
  8219 | D:7      | Killed an unseen horror
  8380 | D:7      | Killed a cyclops
  8434 | D:7      | Noticed a red ugly thing
  8442 | D:7      | Slain by a red ugly thing

Illustrated notes

Levels and vault maps discovered:
D:1:      minmay_arrival_shattered_statue, layout_loops_cross,
          nicolae_ecumenical_snake_handling, serial_forest,
          infiniplex_forest_corner_1, infiniplex_forest_lined_3,
          infiniplex_forest_clump_double, infiniplex_forest_clump_medium,
          infiniplex_forest_clump_curved, infiniplex_forest_lined_room_3,
          infiniplex_forest_diagonal, infiniplex_forest_lined_2,
          infiniplex_forest_end_2, minmay_lizard_pond
D:2:      layout_basic
D:3:      layout_basic, serial_glass, glass_columns_b, glass_columns_a,
          serial_shops, shop, shop
D:4:      layout_gridville, palyth_stone_intersect
D:5:      layout_cave_pods, serial_co_window_serial, co_window_of_opportunity_a,
          co_window_paths_a, co_window_corner_a, co_window_of_opportunity_a,
          co_window_of_opportunity_a, co_window_of_opportunity_a,
          co_window_paths_a, co_window_unsneaky_path_d, co_window_broadway_c,
          co_window_broadway_a, glass_columns_a
D:6:      layout_layer_cave, grunt_ministairs_3, nrook_mini_vaults,
          kennysheep_generic_room_6, uniq_maggie, uniq_sigmund, uniq_pikel
D:7:      minmay_the_grid_octo_tiled_octocenter
          [minmay_the_grid_octo_fat_diamond, minmay_the_grid_octo_chip,
          minmay_the_grid_octo_tetromino_candy, minmay_the_grid_octo_horde,
          minmay_the_grid_octo_prize_star, minmay_the_grid_square_5x5_two,
          minmay_the_grid_square_5x5_beaten_path,
          minmay_the_grid_square_5x5_two_walls_a,
          minmay_the_grid_square_5x5_bridge], layout_rooms,
          minmay_temple_entry_statues_fountains,
          gammafunk_ghost_wrathful_warriors
Temple:   compressed_dpeg_triangle_lava_temple

Skill      XL: |  1  2  3  4  5  6  7  8  9 10 |
---------------+-------------------------------+-----
Fighting       | 3 4 5 6 7 9 11 | 11.9
Maces & Flails | 3 4 5 7 8 9 |  9.3
Throwing       | 2 3 4 5 |  5.1
Armour         | 2 3 |  3.0
Dodging        | |  2.3
Spellcasting   | |  2.6
Translocations | |  2.8

Action                     |  1- 3 |  4- 6 |  7- 9 | 10-12 || total
---------------------------+-------+-------+-------+-------++-------
  Melee: Mace              |   131 |    79 |       |       ||   210
         Headbutt          |    17 |    11 |    22 |     9 ||    59
         Giant club        |       |    43 |    53 |       ||    96
         Giant spiked club |       |       |    93 |    22 ||   115
  Throw: Dart              |       |       |     2 |       ||     2
    Use: Potion            |       |     4 |     4 |     1 ||     9
         Scroll            |       |     8 |     8 |       ||    16
   Stab: Sleeping          |       |     1 |       |       ||     1
 Armour: Robe              |    99 |    82 |    59 |       ||   240
         Steam dragon scal |       |       |    76 |    24 ||   100
  Dodge: Dodged            |    75 |    51 |    71 |    17 ||   214
  Block: Other             |       |       |    50 |     8 ||    58
         Reflection        |       |       |     2 |       ||     2
